 Dungeon Crawl Stone Soup version 0.17-a0-1648-g0a089d4 (webtiles) character file.

259 urechis the Conjurer (level 5, -8/28 HPs)
             Began as a Deep Elf Conjurer on Aug 12, 2015.
             Was a Follower of Vehumet.
             Killed by divine providence
             ... invoked by an orc priest
              (13 damage)
             ... on level 4 of the Dungeon.
             The game lasted 00:06:58 (3267 turns).

urechis the Conjurer (Deep Elf Conjurer)            Turns: 3267, Time: 00:06:58

Health: -8/28      AC:  5    Str:  5    XL:     5   Next: 95%
Magic:  2/11       EV: 13    Int: 21    God:    Vehumet [*.....]
Gold:   179        SH:  0    Dex: 15    Spells: 3 memorised, 2 levels left

rFire  . . .     SeeInvis .     A - +4 quarterstaff (chaos)
rCold  . . .     Clarity  .     a - +0 robe
rNeg   . . .     SustAt   .     (no shield)
rPois  .         Gourm    .     (no helmet)
rElec  .         Spirit   .     B - +1 cloak {+Inv}
rCorr  .         Warding  .     (no gloves)
rMut   .         Stasis   .     i - +0 pair of boots
MR     .....                    (no amulet)
Stlth  ++........               (no ring)
                                (no ring)

@: not resistant to hostile enchantments, unstealthy
A: no striking features
a: Renounce Religion, Evoke Invisibility


You were on level 4 of the Dungeon.
You worshipped Vehumet.
Vehumet was aware of your devotion.
You were not hungry.

You visited 1 branch of the dungeon, and saw 4 of its levels.

You collected 179 gold pieces.

Inventory:

Hand weapons
 A - a +4 quarterstaff of chaos (weapon)
Armour
 a - a +0 robe (worn)
 i - a +0 pair of boots (worn)
 B - a +1 cloak of invisibility (worn)
Magical devices
 s - a wand of draining (6)
 y - a wand of slowing (28)
Scrolls
 d - 2 scrolls of immolation {unknown}
 e - a scroll of fear {unknown}
 h - 4 scrolls of identify {unknown}
 j - a scroll of recharging {unknown}
 k - a scroll of noise {unknown}
 m - a scroll of blinking {unknown}
 n - a scroll of random uselessness {unknown}
 o - a scroll of amnesia {unknown}
 t - 2 scrolls of teleportation {unknown}
 w - a scroll of remove curse {unknown}
Potions
 f - a potion of cancellation {unknown}
 g - 2 potions of lignification {unknown}
 l - 5 potions of curing {unknown}
 p - 4 potions of heal wounds {unknown}
 r - a potion of haste {unknown}
 z - a potion of flight {unknown}
Books
 b - a book of Conjurations

   Spells                             Type                      Level
   a - Magic Dart                     Conjuration                  1
   b - Searing Ray                    Conjuration                  2
   c - Dazzling Spray                 Conjuration/Hexes            3
   d - Fulminant Prism                Conjuration/Hexes            4
   e - Iskenderun's Mystic Blast      Conjuration                  4
   f - Iskenderun's Battlesphere      Conjuration/Charms           5
Comestibles
 c - 2 bread rations
 q - 2 meat rations
 u - a royal jelly
 v - 2 beef jerkies
 x - a chunk of flesh


   Skills:
 - Level 2.4 Dodging
 - Level 2.4 Stealth
 - Level 3.0 Spellcasting
 + Level 7.2 Conjurations
 * Level 4.0 Charms


You had 2 spell levels left.
You knew the following spells:

 Your Spells              Type           Power        Failure   Level  Hunger
a - Magic Dart            Conj           ####         1%          1    None
b - Searing Ray           Conj           ####..       1%          2    ##.....
c - Iskenderun's Battles  Conj/Chrm      ####....     41%         5    ######.


Dungeon Overview and Level Annotations

Branches:
Dungeon (4/15)
 Temple: D:4-7

Altars:
Elyvilon
Gozag
Okawaru
Ru
Trog
Vehumet
Yredelemnul

Annotations:
D:3 Ajdolov's ghost, average NaWz


Message History

Aiming: Magic Dart
Press: ? - help, Shift-Dir - straight line, f/p - orc
Aim: an orc, wielding a short sword and wearing a leather armour (heavily wounded)
The magic dart hits the orc.
You kill the orc!
Vehumet accepts your kill.
The worker ant twitches its antennae in your direction.
Casting: Magic Dart
Confirm with . or Enter, or press ? or * to list all spells.
You don't have enough magic to cast that spell.
The orc priest invokes the aid of Beogh against you.
Pain shoots through your body! The orc hits you with a falchion.
The orc priest calls down the wrath of Beogh upon you.
Something smites you!
Ouch! That really hurt!
* * * LOW HITPOINT WARNING * * *
The orc priest mumbles some strange prayers to Beogh against you.
Something smites you!
You die...

...............†.................
..)#...........#.#.........#...#
$...........####.#........##...
......###...#...........#.##.
......# #.#.............#....
......# #.#.o...#.......#....
..##### #.##.............. .. ..
#.##..o.#.......## .... .
#.##....@.......# ..#..
###.##.........<..# .....
#......##.........#......
#.......#.........#......
#.......#........##....[.
#........................
####............#........
#...).............#+#.
#.................#


You could see an orc priest and an orc.

Vanquished Creatures
  Crazy Yiuf (D:3)
  An iguana (D:4)
  A worker ant (D:4)
  4 adders
  7 gnolls
  An ooze (D:1)
  2 worms
  9 orcs
  3 giant cockroaches
  6 goblins
  8 hobgoblins
  3 quokkas
  A ball python (D:2)
  5 bats
  2 giant geckos
  8 giant newts
  8 kobolds
  5 rats
75 creatures vanquished.

Notes
Turn   | Place    | Note
--------------------------------------------------------------
     0 | D:1      | urechis the Deep Elf Conjurer began the quest for the Orb.
     0 | D:1      | Reached XP level 1. HP: 10/10 MP: 6/6
   212 | D:1      | Reached XP level 2. HP: 15/15 MP: 5/8
   456 | D:1      | Reached skill level 5 in Conjurations
   758 | D:2      | Reached XP level 3. HP: 16/19 MP: 2/9
  1046 | D:2      | Learned a level 2 spell: Searing Ray
  1078 | D:2      | Reached skill level 6 in Conjurations
  1237 | D:2      | Reached XP level 4. HP: 24/24 MP: 6/10
  1477 | D:3      | Found a radiant altar of Vehumet.
  1480 | D:3      | Found a sacrificial altar of Ru.
  1483 | D:3      | Found an opulent altar of Gozag.
  1486 | D:3      | Became a worshipper of Vehumet
  1550 | D:3      | Noticed Ajdolov's ghost (average NaWz)
  1574 | D:3      | Found an iron altar of Okawaru.
  2319 | D:3      | Found a white marble altar of Elyvilon.
  2320 | D:3      | Found a bloodstained altar of Trog.
  2326 | D:3      | Found a basalt altar of Yredelemnul.
  2461 | D:3      | Reached skill level 7 in Conjurations
  2461 | D:3      | Reached XP level 5. HP: 28/28 MP: 8/11
  2468 | D:3      | Learned a level 5 spell: Iskenderun's Battlesphere
  2614 | D:3      | Reached skill level 1 in Charms
  2773 | D:3      | Noticed Crazy Yiuf
  2781 | D:3      | Killed Crazy Yiuf
  3192 | D:4      | Acquired Vehumet's first power
  3192 | D:4      | Offered knowledge of Shock by Vehumet.
  3267 | D:4      | Killed from afar by an orc priest

Vault maps used:
D:1:      eino_arrival_water_cross, serial_bayou_ford_a, serial_bayou_pond_b
D:2:      first_bread
D:3:      lemuel_doored_altar, gammafunk_temple_overflow_forgotten,
          grunt_temple_overflow_open, hangedman_feature_mirror,
          hangedman_decor_lopped, uniq_crazy_yiuf_cottage

Action                   |  1- 3 |  4- 6 || total
-------------------------+-------+-------++-------
Melee: Spear             |     1 |     2 ||     3
       Quarterstaff      |       |     1 ||     1
 Cast: Magic Dart        |    69 |   115 ||   184
       Searing Ray       |       |     1 ||     1
  Eat: Chunk             |     1 |     6 ||     7
